 Dungeon Crawl Stone Soup version 0.28.0-45-g0d030f2227 (webtiles) character file.

Game seed: 14783886658768131240

5937 DemonSlayer the Thaumaturge (level 10, -1/67 HPs)
             Began as a Demonspawn Fire Elementalist on Apr 6, 2022.
             Was an Initiate of Cheibriados.
             Slain by a two-headed ogre
             ... wielding a +0 dire flail
              (13 damage)
             ... on level 9 of the Dungeon.
             The game lasted 00:32:21 (12007 turns).

DemonSlayer the Thaumaturge (DsFE)                 Turns: 12007, Time: 00:32:22

Health: -1/67      AC:  6    Str:  9    XL:     10   Next: 54%
Magic:  20/22      EV: 13    Int: 25    God:    Cheibriados [......]
Gold:   119        SH:  0    Dex: 16    Spells: 9/26 levels left

rFire   . . .      SeeInvis +   e - +0 dagger
rCold   . . .      Faith    .   (no shield)
rNeg    . . .      Spirit   .   x - +0 steam dragon scales
rPois   .          Reflect  .   (no helmet)
rElec   .          Harm     .   v - +0 cloak
rCorr   .          Rampage  .   (no gloves)
Will    .....                   (boots unavailable)
Stlth   ++++......              k - amulet of magic regeneration
HPRegen 0.21/turn               g - ring of see invisible
MPRegen 0.58/turn               o - ring of wizardry

@: about to teleport, very slow
A: hooves 3, big brain 2, demonic magic 1
a: Renounce Religion


You were on level 9 of the Dungeon.
You worshipped Cheibriados.
Cheibriados was noncommittal.
You visited 2 branches of the dungeon, and saw 10 of its levels.

You collected 449 gold pieces.
You spent 330 gold pieces at shops.

Inventory:

Hand Weapons
 e - a +0 dagger (weapon)
Missiles
 c - 3 curare-tipped darts
Armour
 v - a +0 cloak (worn)
 x - +0 steam dragon scales (worn)
Jewellery
 g - a ring of see invisible (left hand)
 k - an amulet of magic regeneration (around neck)
 o - a ring of wizardry (right hand)
Wands
 d - a wand of digging (7)
Scrolls
 a - a scroll of enchant weapon {unknown}
 i - a scroll of immolation
 p - 2 scrolls of fog {unknown}
 q - 2 scrolls of amnesia {unknown}
 s - a scroll of teleportation
 y - a scroll of noise {unknown}
 D - a scroll of enchant armour {unknown}
Potions
 f - 2 potions of brilliance
 m - 5 potions of curing
 n - a potion of invisibility {unknown}
 t - a potion of mutation {unknown}
 u - 2 potions of degeneration {unknown}
 w - 3 potions of attraction {unknown}
 A - a potion of flight {unknown}


   Skills:
 + Level 2.0 Fighting
 + Level 3.2 Short Blades
 + Level 1.5 Axes
 + Level 1.5 Throwing
 + Level 3.0 Dodging
 + Level 7.2 Stealth
 + Level 8.7 Spellcasting
 + Level 3.0 Conjurations
 + Level 8.5 Fire Magic


You had 9 spell levels left.
You knew the following spells:

 Your Spells              Type           Power      Damage    Failure   Level
a - Foxfire               Conj/Fire      100%       2x1d9     1%          1
b - Scorch                Fire           100%       2d10      1%          2
c - Conjure Flame         Conj/Fire      39%        6-21      1%          3
d - Flame Wave            Conj/Fire      39%        2d9       2%          4
e - Passage of Golubria   Tloc           10%        N/A       22%         4
f - Teleport Other        Tloc           10%        N/A       7%          3

Your spell library contained the following spells:

 Spells                   Type           Power      Damage    Failure   Level
 Inner Flame              Hex/Fire       32%        N/A       1%          3
 Gell's Gravitas          Tloc           10%        N/A       7%          3
 Lesser Beckoning         Tloc           10%        N/A       7%          3
 Silence                  Hex/Air        5%         N/A       50%         5
 Lehudib's Crystal Spear  Conj/Erth      9%         10d4      100%        8


Dungeon Overview and Level Annotations

Branches:
Dungeon (9/15)             Temple (1/1) D:7
   Lair: D:8-11         Orc: D:9-12

Altars:
Ashenzari
Cheibriados
Dithmenos
Gozag
Hepliaklqana
Kikubaaqudgha
Nemelex Xobeh
Okawaru
Qazlal
Ru
Trog
Vehumet
Wu Jian
Xom
Yredelemnul
Zin
The Shining One

Shops:
D:2 *

Annotations:
D:5 3 runed translucent doors, Tali's ghost, novice DsBe; chujev's ghost, novice TrFi; chujev's ghost, weakling TrFi; hitsuchi's ghost, novice HuCA


Innate Abilities, Weirdness & Mutations

You have hooves in place of feet.
You have an extremely huge brain. (Int +4)
Spells you cast may paralyse adjacent enemies.


Message History

The yak misses you.
You closely miss the yak. You kick the yak, but do no damage.
The yak is severely wounded.
The yak completely misses you.
You hit the yak but do no damage. Your kick misses the yak.
The yak is severely wounded.
The yak gores you!
* * * LOW HITPOINT WARNING * * *
You hit the yak but do no damage. You kick the yak.
The yak is almost dead.
The yak closely misses you.
You barely miss the yak. You kick the yak.
The yak is almost dead.
The yak gores you but does no damage.
You barely miss the yak. Your kick misses the yak.
The yak is almost dead.
You feel much better. The yak barely misses you.
Flames lash the two-headed ogre.
The two-headed ogre shouts in stereo!
The two-headed ogre is lightly wounded.
The two-headed ogre's fire resistance burns away.
Malevolent energies surge around you.
The yak suddenly stops moving!
The helpless yak fails to defend itself.
You skewer the yak like a kebab!!!
You kill the yak!
The two-headed ogre hits you with a +0 dire flail!!
The two-headed ogre closely misses you.
Your Dodging skill increases to level 3!
You are too injured to fight recklessly!
You feel much better.
Flames lash the two-headed ogre.
The two-headed ogre is burned terribly!
The two-headed ogre is moderately wounded.
Malevolent energies surge around you.
The two-headed ogre hits you with a +0 dire flail!
The two-headed ogre hits you with a +0 giant spiked club!
* * * LOW HITPOINT WARNING * * *
As you read the scroll of teleportation, it crumbles to dust.
You feel strangely unstable.
The two-headed ogre hits you with a +0 dire flail!
You die...

..... ..# #..# #..Y.
...# #..## #....#
...## ##...# #....#
#...###....# #....
#.........## #...##
##.........# #...###
#..........#
#....####O.........#
##....†.@...........#
#....††........)....
##.................#
###.........###..#
###......## ##
###....# ##...# #...


You could see a two-headed ogre (combustible).

Vanquished Creatures
  A two-headed ogre (D:7)
  Erica (D:8)
  Joseph (D:7)
  Grinder (D:4)
  Sigmund (D:6)
  A wraith (D:9)
  6 yaks (D:9)
  A wyvern (D:8)
  A steam dragon (D:6)
  An acid dragon (D:7)
  A water moccasin (D:5)
  3 orc warriors
  A sky beast (D:6)
  An ice beast (D:5)
  A black bear (D:5)
  A necrophage (D:5)
  2 ogres
  2 centaurs
  4 bullfrogs
  2 scorpions
  A gnoll sergeant (D:8)
  2 water moccasin skeletons
  3 killer bees (D:7)
  4 wights (D:8)
  A howler monkey (D:5)
  2 centaur zombies (D:7)
  3 hounds
  2 bullfrog skeletons
  A jelly (D:6)
  4 iguanas
  A centaur skeleton (D:4)
  3 orc wizards
  A killer bee zombie (D:6)
  2 howler monkey skeletons
  3 gnolls (D:8)
  9 adders
  5 white imps
  3 worms
  3 dart slugs
  11 orcs
  11 ball pythons
  11 bats
  9 endoplasms
  5 giant cockroaches
  6 goblins
  9 hobgoblins
  2 jackals (D:2)
  3 quokkas
  6 frilled lizards
  4 kobolds
  7 rats
170 creatures vanquished.

Vanquished Creatures (others)
  271 foxfires
  2 withered plants (D:5)
273 creatures vanquished.

Grand Total: 443 creatures vanquished

Notes
Turn   | Place    | Note
-------+----------+-------------------------------------------
     0 | D:1      | DemonSlayer the Demonspawn Fire Elementalist began the
                  | quest for the Orb.
     0 | D:1      | Reached XP level 1. HP: 13/13 MP: 3/3
   584 | D:1      | Gained mutation: You have large cloven feet. [demonic
                  | ancestry]
   584 | D:1      | Reached XP level 2. HP: 19/19 MP: 0/5
   587 | D:1      | Learned a level 2 spell: Scorch
  1707 | D:2      | Found Qitzurgh's General Store.
  2243 | D:1      | Reached XP level 3. HP: 24/24 MP: 1/6
  2402 | D:1      | Found a faded altar of an unknown god.
  4070 | D:2      | Reached XP level 4. HP: 3/30 MP: 4/8
  4717 | D:2      | Learned a level 3 spell: Conjure Flame
  4861 | D:3      | Reached skill level 1 in Axes
  4861 | D:3      | HP: 2/45 [poisoned by an adder]
  5212 | D:3      | Found an ornate altar of the Wu Jian Council.
  5267 | D:3      | Noticed a scorpion
  5274 | D:3      | Killed a scorpion
  5275 | D:3      | Gained mutation: Spells you cast may paralyse adjacent
                  | enemies. [demonic ancestry]
  5275 | D:3      | Reached XP level 5. HP: 36/36 MP: 1/9
  6125 | D:4      | Noticed Grinder
  6132 | D:4      | Paralysed by Grinder for 5 turns
  6144 | D:4      | Paralysed by Grinder for 4 turns
  6152 | D:4      | Killed Grinder
  6153 | D:4      | Reached skill level 1 in Short Blades
  6153 | D:4      | Gained mutation: You have an unusually large brain. (Int
                  | +2) [demonic ancestry]
  6153 | D:4      | Reached XP level 6. HP: 31/42 MP: 3/11
  6445 | D:4      | Reached skill level 1 in Fighting
  6445 | D:4      | Reached XP level 7. HP: 48/48 MP: 5/12
  6797 | D:5      | Entered Level 5 of the Dungeon
  6803 | D:5      | Learned a level 4 spell: Flame Wave
  6808 | D:5      | Learned a level 4 spell: Passage of Golubria
  7001 | D:5      | Found a runed translucent gate.
  7001 | D:5      | Found a runed translucent gate.
  7001 | D:5      | Found a runed translucent gate.
  7004 | D:5      | Noticed hitsuchi's ghost (novice HuCA)
  7004 | D:5      | Noticed Tali's ghost (novice DsBe)
  7005 | D:5      | Noticed chujev's ghost (novice TrFi)
  7005 | D:5      | Noticed chujev's ghost (weakling TrFi)
  7560 | D:5      | Reached skill level 5 in Spellcasting
  7560 | D:5      | Reached skill level 5 in Fire Magic
  7560 | D:5      | Gained mutation: You have an extremely huge brain. (Int +4)
                  | [demonic ancestry]
  7560 | D:5      | Reached XP level 8. HP: 54/54 MP: 5/15
  8007 | D:5      | Learned a level 3 spell: Teleport Other
  8641 | D:6      | Noticed Sigmund
  8651 | D:6      | Killed Sigmund
  8652 | D:6      | Gained mutation: You have hoof-like feet. [demonic
                  | ancestry]
  8652 | D:6      | Reached XP level 9. HP: 59/59 MP: 16/18
  9328 | D:7      | Noticed a two-headed ogre
  9339 | D:7      | Killed a two-headed ogre
  9340 | D:7      | Reached skill level 5 in Stealth
  9499 | D:7      | Noticed Joseph
  9515 | D:7      | Reached skill level 1 in Throwing
  9526 | D:7      | Killed Joseph
 10433 | D:7      | Found a staircase to the Ecumenical Temple.
 10508 | Temple   | Entered the Ecumenical Temple
 10595 | Temple   | Became a worshipper of Cheibriados the Contemplative
 10744 | D:7      | Gained mutation: You have hooves in place of feet. [demonic
                  | ancestry]
 10744 | D:7      | Reached XP level 10. HP: 53/65 MP: 11/22
 11049 | D:8      | Noticed Erica
 11058 | D:8      | Killed Erica
 11665 | D:2      | Bought an amulet of magic regeneration for 330 gold pieces
 11832 | D:9      | Found a hazy altar of Hepliaklqana.
 11879 | D:9      | Noticed a two-headed ogre
 12007 | D:9      | Slain by a two-headed ogre

Illustrated notes

Levels and vault maps discovered:
D:1:      saegor_arrival_simple_d, layout_rooms, shapermc_ecumenical_altar_venn,
          st_stairs_8
D:2:      minmay_angry_zag, layout_basic, serial_shops, nicolae_shop_trees
D:3:      layout_loops_cross, pdpol_wu_jian_five_deadly_venoms
D:4:      layout_loops_ring, uniq_grinder
D:5:      layout_basic, gammafunk_ghost_cemetery, kennysheep_crisscross
D:6:      layout_cave_pools, uniq_sigmund
D:7:      layout_rooms, minmay_temple_entry_statues_pillars,
          kennysheep_generic_room_11, uniq_joseph
D:8:      layout_loops_ring, uniq_erica
D:9:      layout_layer_cave, nicolae_overflow_hidden_temple
Temple:   eino_temple_scatter_basement

Skill      XL: |  1  2  3  4  5  6  7  8  9 10 |
---------------+-------------------------------+-----
Fire Magic     | 3 4 5 6 7 8 |  8.5
Stealth        | 2 3 4 5 7 |  7.2
Spellcasting   | 3 5 6 8 |  8.7
Axes           | 1 |  1.5
Dodging        | 2 3 |  3.0
Conjurations   | 2 3 |  3.0
Short Blades   | 1 2 3 |  3.2
Fighting       | 1 2 |  2.0
Throwing       | 1 |  1.5

Action                   |  1- 3 |  4- 6 |  7- 9 | 10-12 || total
-------------------------+-------+-------+-------+-------++-------
Melee: Unarmed           |    21 |       |       |       ||    21
       Kick              |    13 |    12 |     8 |    13 ||    46
       Dagger            |    19 |    13 |    35 |    32 ||    99
       Hand axe          |    14 |    44 |       |       ||    58
       Punch             |     1 |       |       |     3 ||     4
       Staff             |       |       |     7 |     4 ||    11
Throw: Dart              |       |       |    10 |       ||    10
 Cast: Foxfire           |   132 |    35 |    11 |     2 ||   180
       Scorch            |     2 |    23 |    97 |    16 ||   138
       Conjure Flame     |       |       |     1 |       ||     1
       Flame Wave        |       |       |       |     3 ||     3
  Use: Potion            |       |     6 |     1 |     4 ||    11
       Scroll            |       |       |     6 |     1 ||     7
 Stab: Sleeping          |     4 |     9 |     6 |     3 ||    22
       Paralysed         |       |     2 |    31 |    13 ||    46
Armor: Robe              |     9 |    12 |     3 |       ||    24
       Steam dragon scal |       |       |     6 |     6 ||    12
Dodge: Dodged            |    59 |    56 |    36 |    33 ||   184
